 Dungeon Crawl Stone Soup version 0.29-a0-824-gd827844252 (webtiles) character file.

Game seed: 12630985690969765191

2 coolguy69 the Cutter (level 1, -1/11 HPs)
             Began as a Vine Stalker Monk on July 10, 2022.
             Slain by a quokka (2 damage)
             ... on level 1 of the Dungeon.
             The game lasted 00:00:09 (86 turns).

coolguy69 the Cutter (Vine Stalker Monk)              Turns: 86, Time: 00:00:09

Health: -1/11      AC:  2    Str: 13    XL:     1   Next: 30%
Magic:  0/2        EV: 12    Int: 10    God:
Gold:   7          SH:  0    Dex: 16    Spells: 0/0 levels left

rFire   . . .      SeeInvis .   a - +0 short sword
rCold   . . .      Faith    .   (no shield)
rNeg    . . .      Spirit   +   b - +0 robe
rPois   .          Reflect  .   (no helmet)
rElec   .          Harm     .   (no cloak)
rCorr   .          Rampage  .   (no gloves)
Will    .....                   (no boots)
Stlth   ++........              (no amulet)
HPRegen 0.03/turn               (no ring)
MPRegen 0.08/turn               (no ring)

@: no status effects
A: fangs 2, magic shield, antimagic bite, no potion heal 2
a: no special abilities


You were on level 1 of the Dungeon.
You visited 1 branch of the dungeon, and saw 1 of its levels.

You collected 7 gold pieces.

Inventory:

Hand Weapons
 a - a +0 short sword (weapon)
Armour
 b - a +0 robe (worn)
Scrolls
 d - a scroll of identify {unknown}
Potions
 c - a potion of ambrosia


   Skills:
 + Level 2.7 Fighting
 + Level 2.7 Short Blades
 + Level 2.4 Dodging
 + Level 2.4 Stealth


You couldn't memorise any spells.
You didn't know any spells.
Your spell library was empty.

Dungeon Overview and Level Annotations

Branches:
Dungeon (1/15)

Altars:


Innate Abilities, Weirdness & Mutations

You have extremely sharp teeth.
When hurt, damage is shared between your health and your magic reserves.
Your bite disrupts and absorbs the magic of your enemies.
Potions cannot restore your health.


Message History

You see here a +0 club.
There are monsters nearby!
A quokka comes into view.
The jackal barks!
The jackal bites you but does no damage.
The jackal bites you.
A quokka comes into view.
The jackal closely misses you. The jackal completely misses you.
The quokka moves out of view.
You hit the jackal.
The jackal is almost dead.
The jackal bites you. The jackal closely misses you.
You hit the jackal.
You kill the jackal!
The jackal barely misses you. The quokka bites you.
The jackal barely misses you. The quokka completely misses you.
A rat comes into view.
You closely miss the quokka. The jackal barely misses you.
The quokka barely misses you.
You hit the quokka but do no damage. The jackal bites you.
The quokka barely misses you.
You hit the quokka but do no damage. The jackal bites you.
* * * LOW HITPOINT WARNING * * *
The quokka misses you.
The quokka bites you but does no damage.
The jackal completely misses you.
You are too injured to fight recklessly!
You are too injured to fight recklessly!
You are too injured to fight recklessly!
You closely miss the quokka. Your bite misses the quokka.
The quokka closely misses you. The quokka barely misses you.
The jackal barely misses you.
You miss the quokka. Your bite misses the quokka. The quokka barely misses you.
The jackal bites you.
* * * LOW HITPOINT WARNING * * *
The quokka bites you but does no damage.
The quokka bites you.
* * * LOW HITPOINT WARNING * * *
The jackal misses you. The quokka bites you.
You die...

.#..# ...# ...# ...# #
#>.#.# #.#(.#.#
#.#.#..#.## #.
#...rhr...### ##.
###.#@....... ...##. ..
#....#### ......
#######)..#.... #..#
?..............
##..############.####.##
..##(.....†.............
..##.###########.#######
##...# #... ##.^.# #####


You could see 2 quokkas and a jackal.

Vanquished Creatures
  A jackal (D:1)
  A bat (D:1)
2 creatures vanquished.

Notes
Turn   | Place    | Note
-------+----------+-------------------------------------------
     0 | D:1      | coolguy69 the Vine Stalker Monk began the quest for the
                  | Orb.
     0 | D:1      | Reached XP level 1. HP: 11/11 MP: 2/2
    86 | D:1      | Slain by a quokka

Illustrated notes

Levels and vault maps discovered:
D:1:      lightli_iron_boxes, layout_basic, minmay_door_square

Action                   || total
-------------------------++-------
Melee: Short sword       ||    10
       Bite              ||     1
Armor: Robe              ||     5
Dodge: Dodged            ||    20

Table legend: (Time is in decaauts)
 A = Elapsed time spent in this place.
 B = Non-inter-level travel time spent in this place.
 C = Inter-level travel time spent in this place.
 D = Time resting spent in this place.
 E = Time spent auto-exploring this place.
 F = Levels seen in this place.
 G = Mean time per level.
                   A        B        C        D        E       F      G
               +--------+--------+--------+--------+--------+-----+--------+
         Total |     85 |     85 |      0 |      0 |     61 |   1 |   85.0 |
       Dungeon |     85 |     85 |      0 |      0 |     61 |   1 |   85.0 |
               +--------+--------+--------+--------+--------+-----+--------+

Top non-repeatable levels by time:
     D:1: 85 daAuts
